 Dungeon Crawl Stone Soup version 0.22-a0-301-gf0fe05caec (webtiles) character file.

30893 Infinimo the Impaler (level 13, -3/122 HPs)
             Began as a Minotaur Berserker on Mar 26, 2018.
             Was a High Priest of Trog.
             Slain by a catoblepas (9 damage)
             ... on level 3 of the Lair of Beasts.
             The game lasted 00:29:43 (17525 turns).

Infinimo the Impaler (Minotaur Berserker)          Turns: 17525, Time: 00:29:44

Health: -3/122     AC: 12    Str: 19    XL:     13   Next: 23%
Magic:  0/21       EV:  2    Int:  4    God:    Trog [*****.]
Gold:   599        SH:  0    Dex: 14    Spells: 12/12 levels left

rFire    + + .     SeeInvis +   J - +2 trident (pain)
rCold    + . .     Gourm    .   u - +5 shield "Hero's Friend" {-Cast rF+++ rC- Stlth+}
rNeg     + + +     Faith    .   D - +3 ring mail of Infinity {rPois rC+ Str-4 SInv}
rPois    ∞         Spirit   +   (helmet restricted)
rElec    .         Reflect  .   a - scarf {repulsion}
rCorr    .         Harm     .   (no gloves)
MR       +....     NoCast   +   t - +0 pair of boots
Stlth    ++........             y - amulet "Bentush" {Spirit *Drain MR+ MP+9 SInv}
HPRegen  0.30/turn              E - ring of ice
MPRegen  0.17/turn              G - ring of positive energy

@: petrified, berserk cooldown, repel missiles
A: retaliatory headbutt, fangs 1, horns 2, large bone plates 1
a: Berserk, Trog's Hand, Brothers in Arms, Renounce Religion


You were on level 3 of the Lair of Beasts.
You worshipped Trog.
Trog was extremely pleased with you.
You were not hungry.

You visited 3 branches of the dungeon, and saw 17 of its levels.
You also visited: Labyrinth.

You collected 1126 gold pieces.
You spent 527 gold pieces at shops.

Inventory:

Hand Weapons
 J - a +2 trident of pain (weapon)
Armour
 a - a scarf of repulsion (worn)
 t - a +0 pair of boots (worn)
 u - the +5 shield "Hero's Friend" (worn) {-Cast rF+++ rC- Stlth+}
   (You acquired it on level 12 of the Dungeon)

   It renders you almost immune to fire.
   It makes you vulnerable to cold.
   It prevents spellcasting.
   It makes you more stealthy.
 D - the +3 ring mail of Infinity (worn) {rPois rC+ Str-4 SInv}
   (You bought it in a shop on level 6 of the Dungeon)

   It affects your strength (-4).
   It protects you from cold.
   It protects you from poison.
   It lets you see invisible.
Jewellery
 y - the amulet "Bentush" (around neck) {Spirit *Drain MR+ MP+9 SInv}
   (You found it in a labyrinth)

   [amulet of guardian spirit]

   It causes incoming damage to be split between your health and magic.
   It affects your resistance to hostile enchantments.
   It affects your magic capacity (+9).
   It lets you see invisible.
   It causes draining when unequipped.
 E - a ring of ice (left hand)
 G - a ring of positive energy (right hand)
 I - an uncursed ring of see invisible
Wands
 j - a wand of acid (12)
 w - a wand of digging (13)
 z - a wand of iceblast (15)
 C - a wand of disintegration (17)
Scrolls
 b - a scroll of enchant armour
 d - 7 scrolls of remove curse
 e - 6 scrolls of identify
 o - 7 scrolls of teleportation
 p - a scroll of fog {unknown}
 v - 2 scrolls of blinking
 x - a scroll of enchant weapon
 A - 3 scrolls of magic mapping
 B - a scroll of fear
Potions
 f - 2 potions of might {unknown}
 g - 5 potions of brilliance
 h - 4 potions of invisibility
 i - a potion of ambrosia
 k - 3 potions of berserk rage
 l - a potion of mutation
 m - 3 potions of haste
 n - 3 potions of agility
 q - 7 potions of curing
 r - 2 potions of flight
 F - 3 potions of heal wounds
Comestibles
 c - 29 rations
 s - 3 chunks of flesh


   Skills:
 + Level 13.3 Fighting
 * Level 17.7 Polearms
 + Level 13.1 Armour
 - Level 2.1 Dodging
 - Level 6.2 Shields


You had 12 spell levels left.
You didn't know any spells.

Dungeon Overview and Level Annotations

Branches:
Dungeon (12/15)            Temple (1/1) D:4            Lair (4/6) D:8
  Swamp (0/4) Lair:3          Orc (0/2) D:11
  Snake: Lair:2-4    Spider: Lair:2-4

Altars:
Ashenzari
Cheibriados
Dithmenos
Elyvilon
Fedhas
Gozag
Hepliaklqana
Kikubaaqudgha
Makhleb
Nemelex Xobeh
Okawaru
Qazlal
Ru
Sif Muna
Trog
Uskayaw
Vehumet
Wu Jian
Xom
Yredelemnul
Zin
The Shining One

Shops:
D:6 [

Portals:
Trove: D:10 (give 3 potions of resistance)

Annotations:
D:8 exclusion: statue
Lair:1 exclusion: 4 oklob plants
Lair:3 exclusion: oklob plant


Innate Abilities, Weirdness & Mutations

You reflexively headbutt those who attack you in melee.
You have a pair of horns on your head.
You have very sharp teeth.
You are partially covered in large bone plates. (SH +4)


Message History

The catoblepas gores you!!
* * * LOW HITPOINT WARNING * * *
The catoblepas breathes a plume of calcifying dust at you.
The blast of calcifying dust hits you!
* * * LOW HITPOINT WARNING * * *
You are engulfed in calcifying dust.
You feel yourself speed up.
The catoblepas breathes a plume of calcifying dust at you.
The blast of calcifying dust hits you!
* * * LOW HITPOINT WARNING * * *
You are engulfed in calcifying dust.
The catoblepas breathes a plume of calcifying dust at you.
The blast of calcifying dust hits you!
You are engulfed in calcifying dust.
The catoblepas breathes a plume of calcifying dust at you.
The blast of calcifying dust hits you!
You are engulfed in calcifying dust.
The catoblepas gores you!!
* * * LOW HITPOINT WARNING * * *
You are engulfed in calcifying dust.
The catoblepas gores you!!
You die...

....##..........^.....#
....###...............#
....###P.............##
....##................###
.....#.............≈≈≈..##
.....P............≈≈≈≈≈..## ##
..................≈≈≈≈≈≈..# ##P
..................≈≈≈≈≈≈≈.# #..
...........§.§..@Y..≈≈≈≈≈.## #..
.....#............>.≈≈≈≈≈..####..
......#.............≈≈≈≈≈...P##..
..............###.≈≈≈≈≈≈≈.......#
.........#..........≈≈≈≈.........
....................≈............
..............................###
................##...........####
/...............###........#####.


You could see a catoblepas.

Vanquished Creatures
  A minotaur (Lab)
  Josephine (D:11)
  Fannar (D:11)
  Harold (D:11)
  2 hydras
  3 two-headed ogres
  Urug (D:10)
  3 skeletal warriors (D:12)
  Nergalle (Lair:1)
  2 unseen horrors
  Pikel (D:5)
  3 elephants (Lair:2)
  Psyche (D:11)
  4 spiny frogs
  A komodo dragon (Lair:1)
  2 trolls
  5 rime drakes
  A guardian mummy (D:10)
  A hornet (D:9)
  2 blink frogs (Lair:4)
  4 slime creatures (D:11)
  Sigmund (D:4)
  4 hippogriffs
  A vampire (D:11)
  5 wraiths (D:11)
  A spriggan (D:11)
  2 hogs (Lair:4)
  2 hungry ghosts
  A basilisk (Lair:1)
  6 yaks (Lair:2)
  A human (D:11)
  2 steam dragons
  7 porcupines
  9 water moccasins
  A swamp drake (D:11)
  4 ice beasts
  2 phantoms
  8 orc warriors
  4 sky beasts
  3 black bears
  A necrophage (D:11)
  4 ogres
  7 crocodiles
  6 wolves (Lair:1)
  4 centaurs
  A big kobold (D:8)
  8 bullfrogs
  A wyvern skeleton (D:7)
  8 scorpions
  25 killer bees
  4 wights (D:11)
  3 howler monkeys
  5 electric eels
  A quasit (D:11)
  A bullfrog zombie (D:12)
  2 centaur zombies
  4 crimson imps
  7 hounds
  11 orc priests
  2 bullfrog skeletons
  4 jellies
  13 orc wizards
  A centaur skeleton (D:7)
  Jessica (D:3)
  8 iguanas
  15 worker ants
  A hound zombie (D:5)
  4 hound skeletons
  4 worker ant zombies
  13 adders
  4 gnolls (D:6)
  2 shadow imps
  6 oozes (D:3)
  An adder zombie (D:9)
  An adder skeleton (D:5)
  2 worms
  5 leopard geckos
  53 orcs
  10 bats
  4 giant cockroaches
  6 goblins
  6 hobgoblins
  5 jackals (D:2)
  4 quokkas (D:7)
  3 ball pythons
  A ball python skeleton (D:5)
  7 frilled lizards
  24 kobolds
  A leopard gecko skeleton (D:4)
  A leopard gecko zombie (D:5)
  7 rats
427 creatures vanquished.

Vanquished Creatures (others)
  A jelly (D:5)
  An orc (D:5)
  A kobold (D:8)
  A fungus (Lair:2)
  7 toadstools (D:3)
11 creatures vanquished.

Grand Total: 438 creatures vanquished

Notes
Turn   | Place    | Note
-------+----------+-------------------------------------------
     0 | D:1      | Infinimo the Minotaur Berserker began the quest for the Orb.
     0 | D:1      | Reached XP level 1. HP: 19/19 MP: 0/0
   207 | D:1      | Reached skill level 4 in Polearms
   207 | D:1      | Reached XP level 2. HP: 27/27 MP: 1/1
   957 | D:2      | Found a faded altar of an unknown god.
  1028 | D:2      | Found a bloodstained altar of Trog.
  1135 | D:2      | Found a sacrificial altar of Ru.
  1137 | D:2      | Reached XP level 3. HP: 33/33 MP: 2/2
  1145 | D:2      | Reached ** piety under Trog
  2095 | D:3      | Reached skill level 5 in Polearms
  2095 | D:3      | Reached XP level 4. HP: 32/41 MP: 3/3
  2571 | D:3      | Reached skill level 1 in Shields
  2581 | D:3      | Reached XP level 5. HP: 40/47 MP: 4/4
  2805 | D:3      | Noticed an ogre
  2816 | D:3      | Killed an ogre
  2816 | D:3      | Reached skill level 6 in Polearms
  2867 | D:3      | Reached skill level 5 in Fighting
  2867 | D:3      | Reached XP level 6. HP: 46/56 MP: 5/5
  2925 | D:3      | Reached *** piety under Trog
  3055 | D:3      | Noticed Jessica
  3058 | D:3      | Killed Jessica
  3334 | D:4      | Found a staircase to the Ecumenical Temple.
  3336 | D:4      | Noticed Sigmund
  3384 | D:4      | Gained mutation: You are partially covered in large bone plates. (SH +4) [potion of mutation]
  3384 | D:4      | Gained mutation: You have very sharp teeth. [potion of mutation]
  3630 | D:4      | Killed Sigmund
  3630 | D:4      | Reached skill level 7 in Polearms
  3630 | D:4      | Reached XP level 7. HP: 59/61 MP: 6/6
  3753 | D:4      | Reached skill level 5 in Armour
  3902 | D:4      | Found a hazy altar of Hepliaklqana.
  3902 | D:4      | Found an opulent altar of Gozag.
  4149 | D:4      | Reached skill level 8 in Polearms
  4516 | D:4      | Got a transparent robe
  4527 | D:4      | Identified the +2 robe of Watchfulness {rElec} (You found it on level 4 of the Dungeon)
  4598 | D:5      | Entered Level 5 of the Dungeon
  4604 | D:5      | Reached XP level 8. HP: 69/70 MP: 7/7
  4696 | D:5      | Found a hide-covered altar of Uskayaw.
  4753 | D:5      | Reached **** piety under Trog
  4761 | D:5      | Noticed Pikel
  4770 | D:5      | Killed Pikel
  4770 | D:5      | Reached skill level 9 in Polearms
  4770 | D:5      | Reached skill level 5 in Shields
  5567 | D:6      | Reached XP level 9. HP: 76/79 MP: 8/8
  5735 | D:6      | Reached skill level 10 in Polearms
  5998 | D:6      | Found Besmar's Antique Armour Shoppe.
  6003 | D:6      | Bought a glowing scarf for 248 gold pieces
  6214 | Temple   | Entered the Ecumenical Temple
  6649 | D:7      | Reached skill level 11 in Polearms
  6839 | D:7      | Reached ***** piety under Trog
  7588 | D:8      | Found a staircase to the Lair.
  7619 | D:8      | Reached XP level 10. HP: 89/90 MP: 9/9
  7707 | D:8      | Received a gift from Trog
  7960 | D:8      | Found a radiant altar of Vehumet.
  8100 | D:8      | Reached skill level 12 in Polearms
  8487 | D:8      | Found a snail-covered altar of Cheibriados.
  8510 | D:8      | Found a sparkling altar of Nemelex Xobeh.
  8738 | D:6      | Bought a steaming ring mail for 279 gold pieces
  8748 | D:6      | Identified the +3 ring mail of Infinity {rPois rC+ Str-4 SInv} (You bought it in a shop on level 6 of the Dungeon)
  9166 | D:9      | Noticed a two-headed ogre
  9173 | D:9      | Killed a two-headed ogre
  9173 | D:9      | Reached skill level 13 in Polearms
  9440 | D:9      | Found a white marble altar of Elyvilon.
  9454 | D:9      | Reached skill level 10 in Fighting
  9736 | D:10     | Entered Level 10 of the Dungeon
  9800 | D:10     | Noticed Urug
  9832 | D:10     | Killed Urug
 10030 | D:10     | Reached skill level 10 in Armour
 10030 | D:10     | Reached XP level 11. HP: 100/100 MP: 10/10
 10099 | D:10     | Noticed a two-headed ogre
 10104 | D:10     | Killed a two-headed ogre
 10500 | D:10     | Noticed an unseen horror
 10513 | D:10     | Killed an unseen horror
 10513 | D:10     | Reached skill level 14 in Polearms
 10593 | D:10     | Found a portal to a secret trove of treasure.
 11175 | D:11     | Noticed Josephine
 11191 | D:11     | Killed Josephine
 11203 | D:11     | Noticed Psyche
 11255 | D:11     | Killed Psyche
 11257 | D:11     | Noticed Harold
 11307 | D:11     | Killed Harold
 11378 | D:11     | Noticed a two-headed ogre
 11384 | D:11     | Killed a two-headed ogre
 11384 | D:11     | Reached skill level 15 in Polearms
 11515 | D:11     | Found a staircase to the Orcish Mines.
 11707 | D:11     | Noticed an unseen horror
 11712 | D:11     | Killed an unseen horror
 11876 | D:11     | Noticed Fannar
 11894 | D:11     | Killed Fannar
 11894 | D:11     | Received a gift from Trog
 11894 | D:11     | Reached XP level 12. HP: 111/111 MP: 11/11
 12937 | D:11     | HP: 5/168 [slime creature (14)]
 13470 | D:12     | Reached skill level 16 in Polearms
 13971 | D:12     | Identified a scroll of acquirement
 13974 | D:12     | Got a polished shield
 13985 | D:12     | Identified the +5 shield "Hero's Friend" {-Cast rF+++ rC- Stlth+} (You acquired it on level 12 of the Dungeon)
 14093 | Lair:1   | Entered Level 1 of the Lair of Beasts
 14399 | Lair:1   | Noticed a five-headed hydra
 14591 | Lair:1   | Killed a five-headed hydra
 14626 | Lair:1   | Found an iron altar of Okawaru.
 14828 | Lair:1   | Noticed Nergalle
 14840 | Lair:1   | Killed Nergalle
 15317 | Lair:2   | Reached skill level 17 in Polearms
 15361 | Lair:2   | Found a labyrinth entrance.
 15374 | Lab      | Entered a labyrinth
 15741 | Lab      | Noticed a minotaur
 15756 | Lab      | Killed a minotaur
 15756 | Lab      | Received a gift from Trog
 15766 | Lab      | Got a wavering graven amulet
 15838 | Lair:2   | Identified the amulet "Bentush" {Spirit *Drain MR+ MP+9 SInv} (You found it in a labyrinth)
 16026 | Lair:2   | Reached XP level 13. HP: 122/122 MP: 12/12
 17108 | Lair:3   | Found a staircase to the Swamp.
 17524 | Lair:3   | HP: 6/122 [catoblepas (7)]
 17525 | Lair:3   | Slain by a catoblepas

Vault maps used:
D:1:      dpeg_arrival_snail
D:2:      lemuel_doored_altar, nicolae_ru_great_annihilating_truth,
          chequers_ecumenical_altar_simple_redux
D:3:      cheibrodos_fertilizer, uniq_jessica
D:4:      gammafunk_temple_overflow_statue, minmay_temple_entry_purple_smoke,
          uniq_sigmund
D:5:      eat_drink_and_be_merry_uskayaw, first_ration, due_unseen_surprise,
          uniq_pikel
D:6:      serial_shops, shop, minivault_27
D:8:      kennysheep_mini_moat, vehumet_statue, marbit_many_paths,
          lair_entry_dummy
D:9:      elyvilon_altar_4
D:10:     nicolae_trove_entry_path_of_doom, uniq_urug
D:11:     erik_orc_1, hangedman_stone_soup, uniq_psyche, uniq_josephine,
          uniq_harold, uniq_fannar
Temple:   nicolae_temple_figure_eight
Lair:1:   basic_altar, disabler_island, minmay_lair_oklob_chamber, uniq_nergalle
Lair:2:   lab_entry_generic, nicolae_lair_grove_arrangements, grunt_megastairs_4
Lair:3:   swamp_mist_pool, minmay_lair_oklob_bushes,
          kennysheep_catoblepas_arena, infiniplex_staircase_pool
Lair:4:   pond_and_an_island_with_a_cottage,
          minmay_snake_entry_guardpost_medium, uniq_rupert, uniq_kirke
Lab:      labyrinth_spiral, nicolae_lab_arrow

Skill      XL: |  1  2  3  4  5  6  7  8  9 10 11 12 13 |
---------------+----------------------------------------+-----
Polearms       | 4 5 6 7 8 9 11 13 15 17 | 17.7
Fighting       | 4 5 6 7 8 10 11 13 | 13.3
Armour         | 3 4 5 6 8 10 11 12 13 | 13.1
Shields        | 1 2 3 4 5 6 |  6.2
Dodging        | |  2.1

Action                   |  1- 3 |  4- 6 |  7- 9 | 10-12 | 13-15 || total
-------------------------+-------+-------+-------+-------+-------++-------
Melee: Spear             |   103 |   137 |   145 |       |       ||   385
       Headbutt          |     9 |    22 |    58 |   156 |    29 ||   274
       Bite              |       |     1 |    42 |    87 |    16 ||   146
       Trident           |       |       |   245 |   861 |   108 ||  1214
Invok: Berserk           |       |     3 |    11 |    30 |     4 ||    48
  Use: Scroll            |     9 |     2 |     3 |    11 |       ||    25
       Potion            |       |     3 |       |       |       ||     3
 Stab: Paralysed         |     1 |       |       |       |       ||     1
       Sleeping          |     4 |       |       |       |     2 ||     6
       Confused          |       |       |       |     1 |       ||     1
       Distracted        |       |       |       |     2 |       ||     2
       Petrified         |       |       |       |       |     3 ||     3
  Eat: Chunk             |     4 |     4 |    18 |    44 |     5 ||    75
       Ration            |       |     1 |     1 |     4 |     1 ||     7
Armor: Animal skin       |     5 |       |       |       |       ||     5
       Ring mail         |     4 |    31 |    13 |    91 |    23 ||   162
       Scale mail        |       |       |    23 |     6 |       ||    29
Dodge: Dodged            |    42 |    54 |    65 |   135 |    27 ||   323
       Deflected         |       |       |     4 |     3 |     1 ||     8
Block: Buckler           |       |    23 |   129 |   229 |       ||   381
       Reflection        |       |       |     7 |    15 |       ||    22
       Shield            |       |       |       |    91 |    46 ||   137

Table legend:
 A = Spawn XP
 B = Non-spawn XP
 C = Spawn XP percentage of total XP
 D = Spawn monster count
 E = Non-spawn monster count
 F = Spawn count percentage of total count
 G = Total turns spent on level
                    A         B        C        D         E        F      G
               +---------+---------+-------+---------+---------+-------+---------
         Total |       0 |   44134 |   0.0 |       0 |     429 |   0.0 | 17525
               +---------+---------+-------+---------+---------+-------+---------
           D:1 |       0 |      35 |   0.0 |       0 |      21 |   0.0 |   957
           D:2 |       0 |      40 |   0.0 |       0 |      19 |   0.0 |  1063
           D:3 |       0 |     380 |   0.0 |       0 |      44 |   0.0 |  1460
           D:4 |       0 |     958 |   0.0 |       0 |      22 |   0.0 |  1133
           D:5 |       0 |    1171 |   0.0 |       0 |      21 |   0.0 |   866
           D:6 |       0 |    1208 |   0.0 |       0 |      26 |   0.0 |   818
           D:7 |       0 |    1467 |   0.0 |       0 |      39 |   0.0 |  1251
           D:8 |       0 |    1681 |   0.0 |       0 |      25 |   0.0 |  1348
           D:9 |       0 |    3104 |   0.0 |       0 |      32 |   0.0 |   855
          D:10 |       0 |    4160 |   0.0 |       0 |      28 |   0.0 |  1308
          D:11 |       0 |   10619 |   0.0 |       0 |      68 |   0.0 |  2247
          D:12 |       0 |    3967 |   0.0 |       0 |      21 |   0.0 |   760
        Lair:1 |       0 |    5183 |   0.0 |       0 |      24 |   0.0 |  1040
        Lair:2 |       0 |    6233 |   0.0 |       0 |      24 |   0.0 |   876
        Lair:3 |       0 |    1952 |   0.0 |       0 |      10 |   0.0 |   882
        Lair:4 |       0 |     715 |   0.0 |       0 |       4 |   0.0 |    70
           Lab |       0 |    1261 |   0.0 |       0 |       1 |   0.0 |   395
               +---------+---------+-------+---------+---------+-------+---------
